 Dungeon Crawl Stone Soup version 0.28.0-53-g5a82cb258f (webtiles) character file.

Game seed: 5845827965017349040

476 Zeld the Chiller (level 7, -8/46 HPs)
             Began as a Merfolk Ice Elementalist on June 12, 2022.
             Mangled by an ice beast (12 damage)
             ... on level 5 of the Dungeon.
             The game lasted 00:10:01 (10354 turns).

Zeld the Chiller (Merfolk Ice Elementalist)        Turns: 10354, Time: 00:10:01

Health: -8/46      AC:  4    Str: 14    XL:     7   Next: 10%
Magic:  13/13      EV: 12    Int: 16    God:
Gold:   189        SH:  0    Dex: 15    Spells: 4/14 levels left

rFire   . . .      SeeInvis .   a - +0 trident
rCold   . . .      Faith    .   (no shield)
rNeg    . . .      Spirit   .   p - +0 robe
rPois   .          Reflect  .   (no helmet)
rElec   .          Harm     .   j - +0 cloak
rCorr   .          Rampage  .   (no gloves)
Will    .....                   m - +0 pair of boots
Stlth   ++........              (no amulet)
HPRegen 0.15/turn               t - ring of flight
MPRegen 0.13/turn               r - +6 ring of strength

@: flying
A: (nimble swimmer 2), mertail
a: no special abilities


You were on level 5 of the Dungeon.
You visited 1 branch of the dungeon, and saw 5 of its levels.
You also visited: Sewer.

You collected 189 gold pieces.

Inventory:

Hand Weapons
 a - a +0 trident (weapon)
Armour
 j - a +0 cloak (worn)
 m - a +0 pair of boots (worn)
 p - a +0 robe (worn)
Jewellery
 r - a +6 ring of strength (right hand)
 t - a ring of flight (left hand)
 w - an amulet of the acrobat
Scrolls
 b - 4 scrolls of teleportation {unknown}
 c - a scroll of enchant weapon {unknown}
 d - 2 scrolls of summoning {unknown}
 e - 3 scrolls of fear {unknown}
 f - 2 scrolls of amnesia {unknown}
 i - a scroll of brand weapon {unknown}
 k - 3 scrolls of magic mapping {unknown}
 l - a scroll of silence {unknown}
 n - 3 scrolls of identify {unknown}
 o - a scroll of immolation {unknown}
 s - 2 scrolls of blinking {unknown}
Potions
 g - a potion of curing {unknown}
 h - a potion of ambrosia
 q - a potion of lignification {unknown}
 u - 3 potions of brilliance
 v - 2 potions of heal wounds {unknown}


   Skills:
 - Level 2.6 Dodging
 - Level 2.1 Stealth
 * Level 4.0 Spellcasting
 + Level 1.3 Conjurations
 - Level 2.0 Transmutations
 + Level 1.1 Fire Magic
 * Level 6.2 Ice Magic
 + Level 1.5 Air Magic
 + Level 1.9 Poison Magic


You had 4 spell levels left.
You knew the following spells:

 Your Spells              Type           Power      Damage    Failure   Level
a - Freeze                Ice            92%        1d10      1%          1
b - Frozen Ramparts       Ice            46%        1d6       4%          3
c - Ozocubu's Armour      Ice            23%        N/A       4%          3
q - Mephitic Cloud        Conj/Pois/Air  8%         N/A       26%         3

Your spell library contained the following spells:

 Spells                   Type           Power      Damage    Failure   Level
 Beastly Appendage        Tmut           18%        N/A       8%          1
 Foxfire                  Conj/Fire      28%        2x1d5     11%         1
 Wereblood                Tmut           9%         N/A       11%         2
 Spider Form              Tmut/Pois      9%         N/A       22%         3
 Ignite Poison            Fire/Tmut/Pois 8%         N/A       26%         3
 Conjure Flame            Conj/Fire      7%         6-21      30%         3
 Hailstorm                Conj/Ice       15%        3d5       34%         4
 Inner Flame              Hex/Fire       5%         N/A       38%         3
 Flame Wave               Conj/Fire      7%         2d5       71%         4
 Freezing Cloud           Conj/Ice/Air   6%         6-21      80%         5


Dungeon Overview and Level Annotations

Branches:
Dungeon (5/15)              Sewer (visited)
 Temple: D:4-7

Altars:
Fedhas
Makhleb

Annotations:
D:3 exclusion: oklob plant


Innate Abilities, Weirdness & Mutations

((You are very nimble when in or above water. (Stealth+, EV+, Speed+++)))
Your lower body shifts to a powerful aquatic tail in water.


Message History

There is a collapsed entrance here.
You feel a little less clever now.
Key pressed, stopping explore.
HP restored.
There is a large open door here.
You reach down and open the door.
There is an open door here.
w - an amulet of the acrobat You reach down and open the door.
There is an open door here.
An ice beast comes into view.
An ice beast is nearby!
An ice beast is nearby!
Found a cloak.
You hit the ice beast but do no damage. The ice beast closely misses you.
You closely miss the ice beast.
The ice beast hits you but does no damage.
You closely miss the ice beast.
The ice beast hits you but does no damage.
The ice beast hits you. The ice beast freezes you!
You closely miss the ice beast. The ice beast hits you.
The ice beast freezes you!
You hit the ice beast but do no damage. The ice beast closely misses you.
You hit the ice beast.
The ice beast is lightly wounded.
The ice beast hits you. The ice beast freezes you!
You barely miss the ice beast.
The ice beast is lightly wounded.
The ice beast completely misses you. The ice beast hits you.
* * * LOW HITPOINT WARNING * * *
The ice beast freezes you!
* * * LOW HITPOINT WARNING * * *
You are too injured to fight recklessly!
Casting: Ozocubu's Armour (dangerous; 4% risk of failure)
Confirm with . or Enter, or press ? or * to list all spells.
You can't see any susceptible monsters within range! (Use Z to cast anyway.)
The ice beast hits you.
* * * LOW HITPOINT WARNING * * *
The ice beast freezes you!
You die...

............... ....#≈
####...# #...# #####..#≈
#.##...####...###...##.##
#.......................#
#.......................'
#......................+.
#......................#.
#......................#.
#.......@Y.............#.
#..##..####...###..##..##
####..##..####...###..##..#
#......#..............#.....
#......#..............#.....
#......'..............+.....
#......#..............# ....
#......#..............#
#......#..............#


You could see an ice beast.

Vanquished Creatures
  A necrophage (D:4)
  2 kobold brigands (Sewer)
  An orc priest (D:4)
  An iguana (D:4)
  3 adders
  A river rat (D:5)
  2 shadow imps (Sewer)
  5 ufetubi
  2 worms
  A dart slug (D:2)
  9 orcs
  8 endoplasms
  4 giant cockroaches
  5 goblins
  7 hobgoblins
  7 jackals
  6 quokkas
  9 ball pythons
  4 bats
  2 frilled lizards (D:1)
  19 kobolds
  A kobold zombie (Sewer)
  2 rats
102 creatures vanquished.

Vanquished Creatures (others)
  A kobold zombie (Sewer)
  3 fungi (D:3)
  13 plants (D:3)
  12 toadstools (D:3)
29 creatures vanquished.

Grand Total: 131 creatures vanquished

Notes
Turn   | Place    | Note
-------+----------+-------------------------------------------
     0 | D:1      | Zeld the Merfolk Ice Elementalist began the quest for the
                  | Orb.
     0 | D:1      | Reached XP level 1. HP: 13/13 MP: 3/3
   305 | D:1      | Reached XP level 2. HP: 10/19 MP: 0/5
  1328 | D:2      | Reached XP level 3. HP: 21/24 MP: 2/6
  1332 | D:2      | Learned a level 3 spell: Frozen Ramparts
  1336 | D:2      | Learned a level 3 spell: Ozocubu's Armour
  1467 | D:2      | Reached skill level 5 in Ice Magic
  2770 | D:2      | Reached XP level 4. HP: 21/30 MP: 4/8
  2927 | D:2      | Found a faded altar of an unknown god.
  3289 | D:3      | Found a blossoming altar of Fedhas.
  3575 | D:3      | Noticed an oklob plant
  3654 | D:4      | Noticed a necrophage
  4025 | D:4      | Killed a necrophage
  4026 | D:4      | Reached skill level 1 in Transmutations
  4026 | D:4      | Reached skill level 1 in Poison Magic
  4026 | D:4      | Reached XP level 5. HP: 16/35 MP: 8/10
  4635 | D:4      | Noticed a phantom
  4877 | D:3      | Learned a level 3 spell: Mephitic Cloud
  6444 | D:4      | Reached skill level 1 in Air Magic
  6444 | D:4      | Reached XP level 6. HP: 38/41 MP: 5/11
  6657 | D:4      | Found a burning altar of Makhleb.
  7793 | D:5      | Entered Level 5 of the Dungeon
  7898 | D:5      | Found a glowing drain.
  7903 | Sewer    | Entered a sewer
  7968 | Sewer    | Reached skill level 1 in Conjurations
  8477 | Sewer    | Found a burning altar of Makhleb.
  8497 | Sewer    | Reached skill level 1 in Fire Magic
  8497 | Sewer    | Reached skill level 6 in Ice Magic
  8502 | Sewer    | Noticed Grinder
  8809 | Sewer    | Paralysed by Grinder for 5 turns
  8985 | Sewer    | Reached XP level 7. HP: 42/46 MP: 8/12
  8989 | Sewer    | Paralysed by Grinder for 7 turns
  9028 | Sewer    | Paralysed by Grinder for 3 turns
  9092 | Sewer    | Paralysed by Grinder for 2 turns
  9503 | Sewer    | Paralysed by Grinder for 3 turns
 10019 | Sewer    | Paralysed by Grinder for 7 turns
 10035 | Sewer    | Paralysed by Grinder for 5 turns
 10354 | D:5      | Mangled by an ice beast

Illustrated notes

Levels and vault maps discovered:
D:1:      saegor_arrival_simple_d, layout_rooms, minmay_misc_feat_tiny,
          chequers_avenue, chequers_serial_rivers_large_b
D:2:      layout_basic, shapermc_ecumenical_altar_mp_vishouse
D:3:      layout_rooms, tgw_fedhas
D:4:      mumra_celtic_spiral_tile, layout_layer_cave, bloody_makhleb
D:5:      layout_gridville, grunt_temple_overflow_open, gup_sewer_entry_bowl,
          uniq_pikel

Skill      XL: |  1  2  3  4  5  6  7 |
---------------+----------------------+-----
Ice Magic      | 5 6 |  6.2
Spellcasting   | 3 4 |  4.0
Transmutations | 1 2 |  2.0
Poison Magic   | 1 |  1.9
Air Magic      | 1 |  1.5
Conjurations   | 1 |  1.3
Fire Magic     | 1 |  1.1
Dodging        | |  2.6
Stealth        | |  2.1

Action                   |  1- 3 |  4- 6 |  7- 9 || total
-------------------------+-------+-------+-------++-------
Melee: Unarmed           |    49 |    18 |       ||    67
       War axe           |       |    30 |       ||    30
       Punch             |       |     2 |       ||     2
       Trident           |       |    50 |    94 ||   144
       Tailslap          |       |     2 |       ||     2
 Cast: Freeze            |    62 |    72 |       ||   134
       Frozen Ramparts   |       |     5 |     1 ||     6
       Ozocubu's Armour  |       |     3 |     2 ||     5
       Mephitic Cloud    |       |     2 |       ||     2
Evoke: Wand              |       |     2 |       ||     2
  Use: Potion            |       |       |     2 ||     2
 Stab: Sleeping          |     2 |     4 |       ||     6
Armor: Robe              |    19 |    42 |    15 ||    76
Dodge: Dodged            |    56 |   132 |    44 ||   232
